 Dungeon Crawl Stone Soup version 0.26-a0-652-gafc20e3620 (webtiles) character file.

Game seed: 10347609712778113972

29560 jasper the Pandemonic (level 13, -9/154 HPs)
             Began as a Demonspawn Brigand on Oct 3, 2020.
             Was a High Priest of Makhleb.
             Killed from afar by an orc sorcerer (25 damage)
             ... with a bolt of fire
             ... on level 2 of the Orcish Mines.
             The game lasted 00:36:08 (24119 turns).

jasper the Pandemonic (Demonspawn Brigand)         Turns: 24119, Time: 00:36:08

Health: -9/154     AC: 19    Str: 15    XL:     13   Next: 15%
Magic:  23/23      EV: 13    Int: 14    God:    Makhleb [*****.]
Gold:   1544       SH:  0    Dex: 15    Spells: 5/12 levels left

rFire    . . .     SeeInvis .   s - +1 quarterstaff
rCold    + + +     Faith    .   (shield currently unavailable)
rNeg     + . .     Spirit   .   I - +1 scale mail {rC+}
rPois    .         Reflect  .   B - +0 helmet
rElec    .         Harm     .   c - +1 cloak
rCorr    .         Rampage  .   M - +1 pair of gloves
MR       .....                  (no boots)
Stlth    ..........             (no amulet)
HPRegen  0.35/turn              Z - ring of protection from cold
MPRegen  0.18/turn              W - ring of positive energy

@: berserking, sanguine armour, heavily drained, very quick
A: cold resistance 1, icemail, spiny 3, freezing cloud immunity, sanguine armour
1
a: Minor Destruction, Lesser Servant of Makhleb, Major Destruction, Greater
Servant of Makhleb, Renounce Religion


You were on level 2 of the Orcish Mines.
You worshipped Makhleb.
Makhleb was extremely pleased with you.
You visited 4 branches of the dungeon, and saw 18 of its levels.
You also visited: Bailey.

You collected 1784 gold pieces.
You spent 240 gold pieces at shops.

Inventory:

Hand Weapons
 a - a +2 dagger
 s - a +1 quarterstaff (weapon)
 w - a +0 spear
 z - a +0 glaive
Missiles
 d - 21 poisoned darts (quivered)
 f - 380 arrows
 o - 475 stones
 p - 230 bolts
 J - 15 datura-tipped darts
Armour
 b - a +0 robe
 c - a +1 cloak (worn)
 e - a +0 leather armour
 q - a +0 ring mail
 v - the +3 leather armour of the Prince of Darkness {rN+}
   (You found it on level 4 of the Dungeon)

   It protects you from negative energy.
 x - a +4 ring mail
 B - a +0 helmet (worn)
 C - the +1 plate armour "Pytaagi" {rCorr Int+3 Dex+4}
   (You found it in a bailey)

   It affects your intelligence (+3).
   It affects your dexterity (+4).
   It provides partial protection from all sources of acid and corrosion.
 I - a +1 scale mail of cold resistance (worn)
 M - a +1 pair of gloves (worn)
Jewellery
 L - an uncursed ring of fire
 N - an uncursed ring of magical power
 Q - an uncursed ring of ice
 W - a ring of positive energy (right hand)
 Z - a ring of protection from cold (left hand)
Wands
 r - a wand of acid (6)
 R - a wand of digging (1)
 S - a wand of iceblast (5)
 V - a wand of random effects (27)
 Y - a wand of flame (12)
Scrolls
 g - a scroll of immolation
 h - 2 scrolls of magic mapping
 i - 2 scrolls of enchant weapon
 j - 2 scrolls of random uselessness
 m - 8 scrolls of amnesia
 n - 2 scrolls of enchant armour
 u - 7 scrolls of remove curse
 y - 2 scrolls of fear
 E - 2 scrolls of blinking
 F - 7 scrolls of teleportation {unknown}
Potions
 k - a potion of haste
 t - 2 potions of brilliance
 H - 2 potions of magic
 K - a potion of cancellation
 P - 4 potions of flight {unknown}
 T - a potion of ambrosia {unknown}
 U - a potion of invisibility {unknown}
Miscellaneous
 A - a tin of tremorstones (1/3)
 D - a lightning rod (4/4)


   Skills:
 - Level 10.0(8.5) Fighting
 - Level 1.7(0.6) Short Blades
 + Level 12.0(10.5) Staves
 - Level 1.7(0.6) Throwing
 - Level 5.6(4.4) Armour
 - Level 8.0(6.7) Dodging
 - Level 3.6(2.4) Stealth
 - Level 14.2(12.6) Invocations


You had 5 spell levels left.
You knew the following spells:

 Your Spells              Type           Power        Failure   Level
a - Blink                 Tloc           N/A          85%         2
b - Mephitic Cloud        Conj/Pois/Air  #.......     97%         3
c - Passwall              Tmut/Erth      #.......     85%         2

Your spell library contained the following spells:

 Spells                   Type           Power        Failure   Level
 Beastly Appendage        Tmut           #.....       71%         1
 Corona                   Hex            #......      71%         1
 Magic Dart               Conj           #...         71%         1
 Sandblast                Erth           #.....       71%         1
 Call Imp                 Summ           #.......     85%         2
 Slow                     Hex            #.......     85%         2
 Wereblood                Tmut           #.......     85%         2
 Conjure Flame            Conj/Fire      #.......     97%         3
 Inner Flame              Hex/Fire       #.......     97%         3
 Portal Projectile        Hex/Tloc       #.....       97%         3
 Spider Form              Tmut/Pois      #.........   97%         3
 Stone Arrow              Conj/Erth      #.....       97%         3
 Cause Fear               Hex            #.........   100%        4
 Ice Form                 Ice/Tmut       #.......     100%        4
 Leda's Liquefaction      Hex/Erth       #.........   100%        4
 Petrify                  Tmut/Erth      #.......     100%        4
 Blade Hands              Tmut           #.........   100%        5
 Lee's Rapid Deconstruct  Erth           #.........   100%        5


Dungeon Overview and Level Annotations

Branches:
Dungeon (11/15)            Temple (1/1) D:5            Lair (4/6) D:8
  Swamp (0/4) Lair:2          Orc (2/2) D:9             Elf (0/3) Orc:2
 Bailey (visited)
  Snake: Lair:2-4    Spider: Lair:2-4

Altars:
Ashenzari
Cheibriados
Dithmenos
Elyvilon
Fedhas
Gozag
Hepliaklqana
Kikubaaqudgha
Makhleb
Nemelex Xobeh
Okawaru
Qazlal
Ru
Sif Muna
Trog
Uskayaw
Vehumet
Wu Jian
Xom
Yredelemnul
Zin
The Shining One

Shops:
D:6 :

Annotations:
D:4 Eustachio
D:7 looop's ghost, novice OpCj
Lair:1 3 runed translucent doors, Bukhlaj's ghost, journeyman HOFi; Xaytacwe's ghost, journeyman GnNe


Innate Abilities, Weirdness & Mutations

Your flesh is cold resistant. (rC+)
A meltable icy envelope protects you from harm. (AC +0)
You are completely covered in sharp spines.
You are immune to freezing clouds.
When seriously injured, your bleeding wounds create armour. (AC +6)


Message History

You closely miss the orc sorcerer.
The orc sorcerer is moderately wounded.
Your hearing returns.
The orc sorcerer casts a spell at you. The bolt of fire hits you!!
* * * LOW HITPOINT WARNING * * *
Okay, then.
Evoke which item? (* to show all) (? for menu, Esc to quit)
The tremorstone explodes into fragments!
The orc sorcerer hits you but does no damage.
A red film seems to cover your vision as you go berserk!
You feel yourself moving faster!
You feel mighty!
The orc sorcerer hits you but does no damage.
You hit the orc sorcerer.
The orc sorcerer is heavily wounded.
You miss the orc sorcerer.
The orc sorcerer is heavily wounded.
The orc sorcerer casts a spell at you. The bolt of fire hits you!!
You die...

###...#....#.....#...###......
##.###..###........##.......
####...# #.....#...........
#...####...#............
#....##...##.)..#...#...
##...###.####.####......
#...###.## ### #....#.
##.###o## ##.#### ####.#@#*
### # #.###.# ##* *##


You could see an orc sorcerer.

Vanquished Creatures
  2 two-headed ogres
  An orc high priest (D:9)
  3 orc knights
  3 orc sorcerers (Orc:2)
  3 black mambas
  6 cane toads
  2 komodo dragons
  Grum (D:9)
  6 trolls
  A hornet (D:9)
  4 blink frogs (Lair:2)
  4 hippogriffs
  A wraith (D:11)
  5 wyverns
  A vampire (D:10)
  2 basilisks
  17 yaks
  A steam dragon (D:11)
  6 wargs
  An insubstantial wisp (Lair:2)
  Edmund (D:5)
  6 water moccasins
  A hornet zombie (D:8)
  6 porcupines
  2 phantoms
  3 ice beasts
  3 necrophages
  29 orc warriors
  3 sky beasts
  3 black bears
  10 centaurs
  5 ogres
  6 wolves
  5 crocodiles
  3 big kobolds
  7 bullfrogs
  A wyvern zombie (D:11)
  A gnoll sergeant (D:6)
  A wyvern skeleton (D:9)
  5 scorpions
  A water moccasin skeleton (D:6)
  7 killer bees
  11 wights
  2 electric eels (D:9)
  4 howler monkeys
  4 jellies
  2 centaur zombies
  15 orc priests
  6 hounds
  3 quasits
  3 centaur skeletons
  20 orc wizards
  A bullfrog skeleton (D:5)
  4 iguanas
  3 worker ants
  2 worker ant zombies (D:7)
  3 gnolls (D:6)
  11 adders
  A shadow imp (D:5)
  2 white imps
  An ufetubus (D:10)
  2 oozes
  An adder skeleton (D:6)
  An adder zombie (D:5)
  5 worms
  A dart slug (D:2)
  7 leopard geckos
  74 orcs
  3 ball pythons
  11 bats
  10 goblins
  9 hobgoblins
  4 jackals
  8 quokkas
  5 frilled lizards
  A jackal zombie (D:3)
  18 kobolds
  15 rats
452 creatures vanquished.

Vanquished Creatures (collateral kills)
  2 orc sorcerers
  A komodo dragon (Lair:2)
  2 basilisks
  2 wargs
  4 insubstantial wisps (Lair:2)
  2 orc warriors
  2 porcupines (Lair:3)
  3 necrophages (Lair:2)
  A bullfrog (Lair:3)
  An orc priest (Orc:2)
  3 orc wizards (Orc:2)
  3 orcs (Orc:2)
26 creatures vanquished.

Vanquished Creatures (others)
  A wolf (D:9)
  A wight (D:6)
  An orc wizard (Orc:2)
  9 fungi
  8 plants
20 creatures vanquished.

Grand Total: 498 creatures vanquished

Notes
Turn   | Place    | Note
-------+----------+-------------------------------------------
     0 | D:1      | jasper the Demonspawn Brigand began the quest for the Orb.
     0 | D:1      | Reached XP level 1. HP: 16/16 MP: 1/1
    17 | D:1      | Reached skill level 1 in Dodging
   244 | D:1      | Gained mutation: When seriously injured, your bleeding
                  | wounds create armour. (AC +6) [demonic ancestry]
   244 | D:1      | Reached XP level 2. HP: 16/22 MP: 2/2
   687 | D:1      | Reached skill level 1 in Armour
  1050 | D:2      | Reached XP level 3. HP: 20/28 MP: 3/3
  2210 | D:2      | Gained mutation: Your flesh is cold resistant. (rC+)
                  | [demonic ancestry]
  2210 | D:2      | Reached XP level 4. HP: 35/35 MP: 4/4
  2215 | D:2      | You fall into a shaft and drop 2 floors!
  2433 | D:4      | Found a glowing drain.
  2660 | D:4      | Noticed Edmund
  2680 | D:5      | Entered Level 5 of the Dungeon
  2751 | D:4      | Got a warped leather armour
  2762 | D:4      | Identified the +3 leather armour of the Prince of Darkness
                  | {rN+} (You found it on level 4 of the Dungeon)
  2783 | D:4      | Gained mutation: You are immune to freezing clouds.
                  | [demonic ancestry]
  2783 | D:4      | Reached XP level 5. HP: 41/41 MP: 5/5
  2784 | D:4      | Noticed Eustachio
  3499 | D:2      | Reached skill level 1 in Staves
  4484 | D:3      | Gained mutation: You are partially covered in sharp spines.
                  | [demonic ancestry]
  4484 | D:3      | Reached XP level 6. HP: 19/47 MP: 6/6
  5385 | D:5      | Noticed a sky beast
  5400 | D:5      | Killed a sky beast
  6073 | D:5      | Reached XP level 7. HP: 51/52 MP: 7/7
  6126 | D:5      | Killed Edmund
  6126 | D:5      | Reached skill level 5 in Staves
  6418 | D:5      | Found a staircase to the Ecumenical Temple.
  6430 | Temple   | Entered the Ecumenical Temple
  6554 | Temple   | Became a worshipper of Makhleb the Destroyer
  7000 | D:6      | Reached XP level 8. HP: 55/59 MP: 8/8
  7466 | D:5      | Reached * piety under Makhleb
  7966 | D:6      | Found Hefez's Book Shoppe.
  7981 | D:6      | Bought a book of Minor Magic for 240 gold pieces
  7984 | D:6      | Learned a level 2 spell: Blink
  7988 | D:6      | Learned a level 3 spell: Mephitic Cloud
  8446 | D:7      | Gained mutation: A meltable icy envelope protects you from
                  | harm. (AC +0) [demonic ancestry]
  8446 | D:7      | Reached XP level 9. HP: 64/64 MP: 9/9
  8623 | D:7      | Found a transporter.
  8624 | D:7      | Noticed looop's ghost (novice OpCj)
  8644 | D:7      | Noticed a moth of wrath
  8662 | D:7      | Found a transporter.
  8737 | D:7      | Reached ** piety under Makhleb
  8845 | D:7      | Reached skill level 10 in Staves
 10158 | D:9      | Noticed Grum
 10174 | D:9      | Killed Grum
 10174 | D:9      | Reached skill level 5 in Fighting
 10252 | D:9      | Found an iron altar of Okawaru.
 10300 | D:9      | Noticed a two-headed ogre
 10322 | D:9      | Killed a two-headed ogre
 10322 | D:9      | Reached XP level 10. HP: 76/76 MP: 10/10
 10378 | D:9      | Reached skill level 5 in Dodging
 10423 | D:9      | Reached skill level 5 in Armour
 11313 | D:9      | Reached *** piety under Makhleb
 11996 | D:9      | Found a blossoming altar of Fedhas.
 12001 | D:9      | Found an iron altar of Okawaru.
 12012 | D:9      | Found a sacrificial altar of Ru.
 12019 | D:9      | Found a basalt altar of Yredelemnul.
 12024 | D:9      | Found a hazy altar of Hepliaklqana.
 12031 | D:9      | Found a shimmering blue altar of Sif Muna.
 12036 | D:9      | Found a broken altar of Ashenzari.
 12136 | D:9      | Found a staircase to the Orcish Mines.
 12390 | D:10     | Entered Level 10 of the Dungeon
 12847 | D:10     | Found a flagged portal.
 12856 | Bailey   | Entered a bailey
 13130 | Bailey   | Reached **** piety under Makhleb
 13613 | Bailey   | Got a masterwork plate armour
 13624 | Bailey   | Identified the +1 plate armour "Pytaagi" {rCorr Int+3
                  | Dex+4} (You found it in a bailey)
 13730 | D:10     | Reached XP level 11. HP: 87/87 MP: 11/11
 14860 | D:11     | Reached skill level 10 in Fighting
 15016 | D:8      | Reached skill level 1 in Invocations
 15145 | D:8      | Found a staircase to the Lair.
 15180 | D:8      | Learned a level 2 spell: Passwall
 15314 | D:8      | Reached skill level 2 in Invocations
 15664 | D:8      | Reached skill level 3 in Invocations
 15733 | D:8      | Reached skill level 4 in Invocations
 15972 | Lair:1   | Entered Level 1 of the Lair of Beasts
 16034 | Lair:1   | Reached skill level 5 in Invocations
 16055 | Lair:1   | Reached skill level 6 in Invocations
 16233 | Lair:1   | Reached skill level 7 in Invocations
 16241 | Lair:1   | Reached ***** piety under Makhleb
 16384 | Lair:1   | Reached skill level 8 in Invocations
 16704 | Lair:1   | Found a runed translucent gate.
 16706 | Lair:1   | Found a runed translucent gate.
 16706 | Lair:1   | Found a runed translucent gate.
 16707 | Lair:1   | Noticed Bukhlaj's ghost (journeyman HOFi)
 16708 | Lair:1   | Noticed Xaytacwe's ghost (journeyman GnNe)
 17024 | Lair:2   | Reached skill level 9 in Invocations
 17189 | Lair:2   | Reached skill level 10 in Invocations
 17189 | Lair:2   | Gained mutation: You are mostly covered in sharp spines.
                  | [demonic ancestry]
 17189 | Lair:2   | Reached XP level 12. HP: 65/97 MP: 19/19
 17583 | Lair:2   | Found a staircase to the Swamp.
 17642 | Lair:2   | Reached skill level 11 in Invocations
 18775 | Lair:3   | Reached skill level 12 in Invocations
 19786 | Lair:3   | Reached skill level 13 in Invocations
 20126 | Orc:1    | Entered Level 1 of the Orcish Mines
 20307 | D:9      | Reached skill level 14 in Invocations
 20839 | Orc:1    | Noticed an orc high priest
 21680 | D:9      | Killed an orc high priest
 22909 | Orc:2    | Entered Level 2 of the Orcish Mines
 23070 | Orc:2    | Paralysed by an orc sorcerer for 4 turns
 23079 | Orc:2    | Gained mutation: You are completely covered in sharp
                  | spines. [demonic ancestry]
 23079 | Orc:2    | Reached XP level 13. HP: 36/103 MP: 23/23
 23899 | Orc:2    | Found a staircase to the Elven Halls.
 24035 | Orc:2    | Noticed a blizzard demon
 24035 | Orc:2    | Paralysed by an orc sorcerer for 5 turns
 24041 | Orc:2    | HP: 5/103 [soul eater[an orc sorcerer] (15)]
 24119 | Orc:2    | Killed from afar by an orc sorcerer

Illustrated notes

Levels and vault maps discovered:
D:1:      giann_forest_graveyard, layout_basic, minmay_misc_feat_iff,
          kennysheep_crisscross, wad_woods_river_04
D:2:      layout_loops_corners
D:3:      minmay_door_path, layout_rooms
D:4:      layout_basic, serial_corexii_hall, corexii_hall_statues_i,
          corexii_hall_statues_t, gup_sewer_entry_glass, uniq_edmund,
          uniq_eustachio
D:5:      layout_loops_cross, minmay_temple_entry_glass, serial_rivers,
          chequers_serial_rivers_marsh, chequers_serial_rivers_small_a,
          chequers_serial_rivers_room_a, chequers_serial_rivers_large_a,
          chequers_serial_rivers_micro_c
D:6:      layout_rooms, serial_shops, kennysheep_mini_moat
D:7:      layout_loops_ring, gammafunk_ghost_berserking_beasts
D:8:      layout_loops_ring, dpeg_oklobed_lair, centaur_isle
D:9:      layout_roguey, grunt_temple_overflow_octagram, erik_orc_2,
          basic_altar, uniq_grum
D:10:     layout_loops_ring, enter_bailey_3
D:11:     layout_cave_pools, minivault_27
Temple:   regret_index_temple_waves
Lair:1:   layout_misc_corridors, gammafunk_ghost_cemetery
Lair:2:   layout_cave_pods, minmay_swamp_entry_wisps, roderic_carrion_pond
Lair:3:   layout_concentric_octagons, beast_lair_carwin_9
Lair:4:   regret_index_tunnel_blossom, layout_long_grid,
          nicolae_spider_entry_tight_spaces
Orc:1:    nicolae_orc_accident_1, layout_caves, guppyfry_orc_lava_fort
Orc:2:    kennysheep_orc_mage_school, layout_caves, nooodl_orcs_dogs

Skill      XL: |  1  2  3  4  5  6  7  8  9 10 11 12 13 |
---------------+----------------------------------------+-----
Dodging        | 1 2 4 7 8 |  8.0
Armour         | 1 2 4 5 |  5.6
Fighting       | 3 5 8 10 | 10.0
Staves         | 2 4 6 9 10 11 12 | 12.0
Invocations    | 10 14 | 14.2
Short Blades   | |  1.7
Throwing       | |  1.7
Stealth        | |  3.6

Action                   |  1- 3 |  4- 6 |  7- 9 | 10-12 | 13-15 || total
-------------------------+-------+-------+-------+-------+-------++-------
Melee: Dagger            |   141 |    41 |       |       |       ||   182
       Quarterstaff      |       |   165 |   322 |   959 |    97 ||  1543
       Spear             |       |       |       |   127 |       ||   127
       Glaive            |       |       |       |     2 |       ||     2
Throw: Dart              |    38 |    19 |    40 |   136 |     7 ||   240
       Stone             |     2 |     8 |       |       |       ||    10
Invok: Lesser Servant of |       |       |       |     3 |       ||     3
       Greater Servant o |       |       |       |     2 |     1 ||     3
Evoke: Wand              |       |     1 |    20 |    47 |     2 ||    70
       Lightning rod     |       |       |       |     6 |       ||     6
       Tin of tremorston |       |       |       |     3 |     1 ||     4
  Use: Scroll            |       |     4 |       |     4 |     6 ||    14
       Potion            |       |       |       |    11 |    11 ||    22
 Stab: Sleeping          |     5 |     6 |     4 |     6 |       ||    21
       Distracted        |       |       |     2 |     1 |     1 ||     4
Armor: Robe              |    46 |       |       |       |       ||    46
       Leather armour    |       |    93 |   120 |   116 |       ||   329
       Ring mail         |       |     1 |       |       |       ||     1
       Skin              |       |       |       |    14 |       ||    14
       Scale mail        |       |       |       |   350 |    65 ||   415
Dodge: Dodged            |    69 |   145 |   173 |   626 |    54 ||  1067

Table legend: (Time is in decaauts)
 A = Elapsed time spent in this place.
 B = Non-inter-level travel time spent in this place.
 C = Inter-level travel time spent in this place.
 D = Time resting spent in this place.
 E = Time spent auto-exploring this place.
 F = Levels seen in this place.
 G = Mean time per level.
                   A        B        C        D        E       F      G
               +--------+--------+--------+--------+--------+-----+--------+
         Total |  23908 |  22917 |    991 |   4390 |  14424 |  19 | 1258.3 |
       Dungeon |  16085 |  15367 |    718 |   3396 |   9265 |  11 | 1462.3 |
        Temple |    143 |     71 |     72 |      0 |     69 |   1 |  143.0 |
          Lair |   4043 |   3879 |    164 |    241 |   3153 |   4 | 1010.8 |
  Orcish Mines |   2816 |   2780 |     36 |    606 |   1554 |   2 | 1408.0 |
        Bailey |    819 |    819 |      0 |    146 |    382 |   1 |  819.0 |
               +--------+--------+--------+--------+--------+-----+--------+

Top non-repeatable levels by time:
     D:9: 3437 daAuts
     D:2: 2003 daAuts
     D:5: 1740 daAuts
   Orc:1: 1656 daAuts
  Lair:3: 1505 daAuts
     D:8: 1433 daAuts
  Lair:2: 1412 daAuts
     D:4: 1347 daAuts
     D:7: 1320 daAuts
   Orc:2: 1160 daAuts
     D:6: 1090 daAuts
  Lair:1: 1048 daAuts
     D:1: 1036 daAuts
     D:3: 993 daAuts
    D:10: 988 daAuts
